[Event "27th CRO-chT 1A-Men 2018"]
[Site "Biograd"]
[Date "2018.09.08"]
[Round "1.16"]
[White "Bukal, Vladimir Jr"]
[Black "Zovko, Mario"]
[Result "1-0"]
[ECO "A07"]
[WhiteElo "2380"]
[BlackElo "2328"]
[Annotator "ChessBase"]
[PlyCount "103"]
[EventDate "2018.09.08"]
[EventType "team-tourn"]
[EventCountry "CRO"]
[SourceTitle "playchess.com"]
[Source "ChessBase"]
[SourceQuality "1"]
[TimeControl "40/5400+30:1800+30"]

1. Nf3 d5 2. g3 Nf6 3. Bg2 c6 4. O-O Bg4 5. d3 e6 6. Qe1 Be7 7. h3 Bh5 8. e4 Bg6 9. Ne5 Nfd7 10. Nxg6 hxg6 11. Nd2 dxe4 12. dxe4 e5 13. Qe2 Na6 14. Nf3 Nac5 15. h4 Qc7 16. Bh3 Nf8 17. Rd1 Rd8 18. Rxd8+ Bxd8 19. Qc4 Nce6 20. Kg2 Qd6 21. Bd2 b5 22. Qe2 Nd7 23. a4 a6 24. axb5 axb5 25. Bc3 Bc7 26. Ra7 Bb8 27. Rb7 O-O 28. Ng5 Nc7 29. b4 Nf6 30. Qd3 Qe7 31. Qe3 Qd6 32. Qd3 Qe7 33. Qe3 Qd6 34. Qb6 Na8 35. Qc5 Qxc5 36. bxc5 Bc7 37. Ra7 Rd8 38. Ra6 Rb8 39. Rxc6 b4 40. Bb2 Nh7 41. Ra6 Nf8 42. Ra7 Re8 43. Kg1 f6 44. Nf3 Rb8 45. Bf1 Bd8 46. Bc4+ Kh7 47. Nxe5 fxe5 48. Bxe5 Rc8 49. Rxg7+ Kh6 50. Rg8 Rxc5 51. Rh8+ Nh7 52. Bg8 1-0

[Event "27th CRO-chT 1A-Men 2018"]
[Site "Biograd"]
[Date "2018.09.08"]
[Round "1.17"]
[White "Cosic, Marin"]
[Black "Dutina, Dario"]
[Result "1/2-1/2"]
[ECO "C01"]
[WhiteElo "2227"]
[BlackElo "2245"]
[Annotator "NA"]
[PlyCount "27"]
[EventDate "2018.09.08"]
[EventType "team-tourn"]
[EventCountry "CRO"]
[SourceTitle "playchess.com"]
[Source "ChessBase"]
[SourceQuality "1"]
[TimeControl "40/5400+30:1800+30"]

1. d4 e6 2. e4 d5 3. exd5 exd5 4. Bd3 Nf6 5. Ne2 Bg4 6. Bg5 Be7 7. c3 O-O 8. Qc2 Nbd7 9. O-O Re8 10. Ng3 Nf8 11. h3 Bc8 12. Nd2 h6 $11 13. Bxf6 Bxf6 14. Nf3 1/2-1/2

[Event "27th CRO-chT 1A-Men 2018"]
[Site "Biograd"]
[Date "2018.09.08"]
[Round "1.18"]
[White "Bozinovic, Bogdan"]
[Black "Zivkovic, Nikola"]
[Result "1/2-1/2"]
[ECO "E70"]
[WhiteElo "2229"]
[BlackElo "2144"]
[Annotator "NA"]
[PlyCount "99"]
[EventDate "2018.09.08"]
[EventType "team-tourn"]
[EventCountry "CRO"]
[SourceTitle "playchess.com"]
[Source "ChessBase"]
[SourceQuality "1"]
[TimeControl "40/5400+30:1800+30"]

1. d4 Nf6 2. c4 g6 3. Nc3 Bg7 4. e4 d6 5. Nge2 O-O 6. Ng3 e5 7. d5 a5 8. Be2 Na6 9. h4 h5 10. Bg5 Qe8 11. Qd2 Nh7 12. Bh6 {[%emt 0:09:30] E70: King's Indian: Miscellaneous lines with 4 e4, including 5 Nge2 and 5 Bd3 0-0 6 Nge2} (12. Be3 Bd7 13. O-O-O a4 14. Rdg1 Nc5 15. Bh6 Qe7 16. Be3 b6 17. Nf1 f5 18. exf5 gxf5 19. Ng3 f4 20. Bxc5 fxg3 {1-0 (66) Bernadskiy,V (2586)-Rahul,S (2397) Suwalki 2018}) 12... f6 13. Be3 $146 ({Predecessor:} 13. Bxg7 Kxg7 14. O-O-O Nc5 15. Nb5 Qe7 16. Kb1 Rd8 17. Rhf1 a4 18. f3 Rf8 19. f4 exf4 20. Rxf4 {0-1 (51) Kretchetov,A (2335)-Matikozian,A (2430) Los Angeles 2003}) 13... Bd7 14. O-O-O Nc5 15. f3 a4 16. Nf1 f5 17. Bd3 Nxd3+ 18. Qxd3 f4 19. Bf2 a3 20. b3 Qe7 21. Nd2 Rfc8 22. Kb1 Kh8 23. Ka1 Ra5 24. Ndb1 ({Günstiger ist} 24. b4 $16 Raa8 25. c5) 24... Bf8 25. Be1 Ra7 26. Nb5 Bxb5 27. cxb5 Nf6 28. Bb4 Rca8 29. Rc1 b6 30. Be1 Qf7 31. Rc3 Bg7 32. Nd2 Qd7 33. Rc6 Qf7 34. Kb1 Rg8 35. Rc2 Ne8 36. Nc4 Qd7 37. Qe2 Bf6 38. Nd2 Kh7 39. Kc1 Rg7 40. Nb1 Qd8 41. Qf2 Be7 $1 $11 42. Bb4 Qa8 43. Be1 Nf6 44. Rc4 (44. b4 $16) 44... Qe8 45. Rc6 Nd7 46. Qe2 Qd8 47. Nc3 (47. b4 $18) 47... Nc5 48. Qc2 Qa8 49. Nb1 Bd8 $16 50. Nc3 1/2-1/2

[Event "27th CRO-chT 1A-Men 2018"]
[Site "Biograd"]
[Date "2018.09.08"]
[Round "1.22"]
[White "Biti, Ozren"]
[Black "Bender, Ivan"]
[Result "1-0"]
[ECO "B23"]
[WhiteElo "2366"]
[BlackElo "2261"]
[Annotator "NA"]
[PlyCount "69"]
[EventDate "2018.09.08"]
[EventType "team-tourn"]
[EventCountry "CRO"]
[SourceTitle "playchess.com"]
[Source "ChessBase"]
[SourceQuality "1"]
[TimeControl "40/5400+30:1800+30"]

1. e4 c5 2. Nc3 Nc6 3. f4 g6 4. Nf3 Bg7 5. Bc4 a6 6. d3 d6 7. O-O Nf6 8. Qe1 O-O 9. Qh4 b5 10. Bb3 $1 b4 11. Ne2 Bg4 12. Be3 (12. f5 $1 $16) 12... Na5 (12... e6 $11 {remains equal.}) 13. Ba4 Rb8 14. Rab1 $11 (14. f5 $16) 14... Bh5 15. f5 gxf5 16. exf5 Qc8 17. Ng3 Bxf3 18. Rxf3 Kh8 19. Nh5 Rg8 20. Rbf1 Nxh5 21. Qxh5 Bxb2 22. Rh3 Rg7 23. Bh6 Qg8 24. Bxg7+ Bxg7 25. Rg3 Qf8 26. Rf4 Rb6 27. Rfg4 Bd4+ 28. Kh1 d5 29. Qg5 h6 30. Qf4 e5 31. Qf3 Rf6 32. Bd7 Rd6 33. f6 e4 34. Rg8+ Qxg8 35. Rxg8+ 1-0

[Event "27th CRO-chT 1A-Men 2018"]
[Site "Biograd"]
[Date "2018.09.08"]
[Round "1.23"]
[White "Brnas, Augustin"]
[Black "Medak, Bojan"]
[Result "1-0"]
[ECO "B07"]
[WhiteElo "2190"]
[BlackElo "2367"]
[Annotator "NA"]
[PlyCount "63"]
[EventDate "2018.09.08"]
[EventType "team-tourn"]
[EventCountry "CRO"]
[SourceTitle "playchess.com"]
[Source "ChessBase"]
[SourceQuality "1"]
[TimeControl "40/5400+30:1800+30"]

1. e4 d6 2. d4 Nf6 3. Nc3 g6 4. Bg5 Bg7 5. Qd2 h6 6. Bf4 g5 7. Bg3 Nh5 8. Nge2 Nc6 9. d5 Ne5 10. Nd4 a6 11. Be2 Nxg3 12. hxg3 c5 13. Nf5 Bxf5 14. exf5 Qa5 15. f4 $11 Nd7 16. O-O-O O-O-O 17. Kb1 Bxc3 18. bxc3 Rdg8 19. fxg5 hxg5 20. Rxh8 Rxh8 21. Qxg5 Qxc3 22. Qxe7 Qxg3 23. Bf3 Rh4 24. a3 f6 25. Re1 Kc7 26. Re6 Rh1+ 27. Ka2 Qf4 28. Be2 Qd4 29. Qxd6+ Kd8 30. c4 Ra1+ 31. Kb3 b5 32. Qe7+ 1-0